 Dungeon Crawl Stone Soup version 0.19.1-1-g22dce08 (webtiles) character file.

2877 Gorglomux the Basher (level 9, -4/60 HPs)
             Began as a Gargoyle Gladiator on Jan 13, 2017.
             Was a Believer of Trog.
             Splashed by a brown ugly thing's acid (6 damage)
             ... on level 8 of the Dungeon.
             The game lasted 00:13:02 (6555 turns).

Gorglomux the Basher (Gargoyle Gladiator)           Turns: 6555, Time: 00:13:03

Health: -4/60      AC:  8    Str: 22    XL:     9   Next: 76%
Magic:  18/18      EV: 12    Int:  9    God:    Trog [**....]
Gold:   242        SH:  0    Dex: 10    Spells: 0 memorised, 8 levels left

rFire  . . .     SeeInvis .     a - +0 flail
rCold  . . .     Gourm    .     b - +0 leather armour
rNeg   + . .     Faith    .     (no shield)
rPois  ∞         Spirit   .     m - +1 helmet
rElec  +         Reflect  .     (no cloak)
rCorr  .         Harm     .     v - +0 pair of gloves
MR     .....                    h - +0 pair of boots
Stlth  ..........               (no amulet)
                                B - ring of magical power
                                e - ring of loudness (curse)

@: corroded
A: negative energy resistance 1, electricity resistance, unbreathing,
petrification resistance, rot immunity, AC +5
a: Berserk, Trog's Hand, Burn Spellbooks, Renounce Religion


You were on level 8 of the Dungeon.
You worshipped Trog.
Trog was pleased with you.
You were not hungry.

You visited 1 branch of the dungeon, and saw 8 of its levels.

You collected 354 gold pieces.
You spent 112 gold pieces at shops.

Inventory:

Hand Weapons
 a - a +0 flail (weapon)
Missiles
 d - 6 throwing nets (quivered)
 z - 6 tomahawks
Armour
 b - a +0 leather armour (worn)
 h - a +0 pair of boots (worn)
 m - a +1 helmet (worn)
 v - a +0 pair of gloves (worn)
Jewellery
 e - a cursed ring of loudness (left hand)
 B - a ring of magical power (right hand)
 G - a +3 ring of evasion {unknown}
Scrolls
 c - a scroll of fear {unknown}
 j - 3 scrolls of magic mapping {unknown}
 l - 6 scrolls of identify {unknown}
 n - a scroll of fog {unknown}
 p - 2 scrolls of enchant weapon {unknown}
 q - 2 scrolls of immolation {unknown}
 r - a scroll of amnesia {unknown}
 s - 3 scrolls of recharging {unknown}
 x - 4 scrolls of remove curse {unknown}
 y - a scroll of blinking {unknown}
 D - 2 scrolls of enchant armour {unknown}
 F - 2 scrolls of random uselessness {unknown}
Potions
 i - a potion of resistance {unknown}
 t - a potion of might {unknown}
 u - a potion of magic {unknown}
 w - 5 potions of curing
 A - a potion of agility {unknown}
 C - a potion of haste {unknown}
 H - a potion of heal wounds
Comestibles
 f - 9 bread rations
 g - a beef jerky
 k - 13 fruits
 o - 3 meat rations
 E - a slice of pizza
 I - 16 chunks of flesh


   Skills:
 + Level 8.8 Fighting
 * Level 11.0 Maces & Flails
 - Level 1.7 Throwing
 - Level 2.4 Dodging


You had 8 spell levels left.
You didn't know any spells.

Dungeon Overview and Level Annotations

Branches:
Dungeon (8/15)             Temple (0/1) D:7
   Lair: D:8-11

Altars:
Cheibriados
Elyvilon
Hepliaklqana
Makhleb
Trog
Xom
Zin

Shops:
D:6 !


Innate Abilities, Weirdness & Mutations

You are resistant to torment.
Your stone body is resilient. (AC +5)
You are immune to poison.
You resist negative energy. (rN+)
You are resistant to electric shocks. (rElec)
You can survive without breathing.
You are immune to petrification.
You are immune to rotting.


Message History

You are too injured to fight recklessly!
You are too injured to fight recklessly!
You are too injured to fight recklessly!
You are too injured to fight recklessly!
You are too injured to fight recklessly!
You are too injured to fight recklessly!
You are too injured to fight recklessly!
You are too injured to fight recklessly!
You are too injured to fight recklessly!
Unknown command.
The brown ugly thing closely misses you.
Throwing (i - inventory. (,) - cycle):
d - 7 throwing nets (quivered)
Press: ? - help, Shift-Dir - straight line, f - brown ugly thing
Aim: a brown ugly thing (lightly wounded)
You throw a throwing net.
The throwing net barely misses the brown ugly thing.
The brown ugly thing pecks you!
* * * LOW HITPOINT WARNING * * *
The acid corrodes you!
You are splashed with acid!
The acid burns!
You die...

# #.#
######.# # #.
#.. #.# # #.
#.# #.# #
#.#####.#.#.#
#
#.......#.#.#
#.........#.#
#......# #.#
#......# #.#
......###.#
#@# .....
#.###u# ....
#....(# # ...
####### # ..
## # .#
.###.# .....#


You could see a brown ugly thing.

Vanquished Creatures
  The ghost of empire the Destroyer, a novice TeCj of Sif Muna (D:7)
  2 hippogriffs
  An ice beast (D:6)
  Purgy (D:3)
  2 black bears
  2 ogres
  2 phantoms
  3 centaurs
  2 bullfrogs
  2 scorpions
  3 wights (D:6)
  A howler monkey (D:4)
  4 crimson imps
  A quasit (D:5)
  A jelly (D:4)
  A gnoll shaman (D:7)
  3 hounds
  2 orc priests (D:3)
  An iguana (D:5)
  3 orc wizards
  2 hound skeletons
  7 gnolls
  10 adders
  A howler monkey skeleton (D:5)
  2 worms
  3 leopard geckos
  29 orcs
  A ball python (D:2)
  4 bats
  4 giant cockroaches
  5 goblins
  6 hobgoblins
  6 kobolds
  2 quokkas
  A frilled lizard (D:3)
  A leopard gecko zombie (D:6)
  A quokka skeleton (D:6)
  5 rats
128 creatures vanquished.

Vanquished Creatures (others)
  A bush (D:6)
1 creature vanquished.

Grand Total: 129 creatures vanquished

Notes
Turn   | Place    | Note
-------+----------+-------------------------------------------
     0 | D:1      | Gorglomux the Gargoyle Gladiator began the quest for the Orb.
     0 | D:1      | Reached XP level 1. HP: 12/12 MP: 1/1
   193 | D:1      | Reached XP level 2. HP: 18/18 MP: 2/2
   728 | D:2      | Reached XP level 3. HP: 21/22 MP: 3/3
  1181 | D:3      | Reached skill level 4 in Maces & Flails
  1196 | D:3      | Reached XP level 4. HP: 20/28 MP: 4/4
  1450 | D:3      | Reached XP level 5. HP: 22/33 MP: 5/5
  1696 | D:3      | Reached skill level 5 in Maces & Flails
  2031 | D:4      | Reached XP level 6. HP: 23/39 MP: 6/6
  2134 | D:4      | Found a bloodstained altar of Trog.
  2154 | D:4      | Became a worshipper of Trog the Wrathful
  2429 | D:4      | Noticed Purgy
  2490 | D:3      | Killed Purgy
  2490 | D:3      | Reached skill level 6 in Maces & Flails
  2861 | D:4      | Reached skill level 5 in Fighting
  2861 | D:4      | Reached XP level 7. HP: 37/44 MP: 7/7
  3485 | D:5      | Entered Level 5 of the Dungeon
  3492 | D:5      | Reached skill level 7 in Maces & Flails
  3666 | D:5      | Reached XP level 8. HP: 43/51 MP: 8/8
  3920 | D:6      | Reached * piety under Trog
  3920 | D:6      | Reached skill level 8 in Maces & Flails
  4889 | D:6      | Reached skill level 9 in Maces & Flails
  4924 | D:6      | Found Zoaz's Distillery.
  4931 | D:6      | Bought a potion of curing for 42 gold pieces
  4931 | D:6      | Bought a potion of heal wounds for 70 gold pieces
  5074 | D:7      | Noticed empire's ghost (novice TeCj)
  5092 | D:7      | Killed empire's ghost
  5092 | D:7      | Reached XP level 9. HP: 55/58 MP: 9/9
  5264 | D:7      | Found a shimmering altar of Xom.
  5316 | D:7      | Found a snail-covered altar of Cheibriados.
  5316 | D:7      | Found a burning altar of Makhleb.
  5318 | D:7      | Found a hazy altar of Hepliaklqana.
  5354 | D:7      | Found a white marble altar of Elyvilon.
  5429 | D:7      | Reached skill level 10 in Maces & Flails
  5700 | D:7      | Found a staircase to the Ecumenical Temple.
  5999 | D:7      | Found a glowing silver altar of Zin.
  6483 | D:8      | Reached ** piety under Trog
  6487 | D:8      | Reached skill level 11 in Maces & Flails
  6540 | D:8      | Noticed a brown ugly thing
  6555 | D:8      | HP: 2/60 [brown ugly thing (7)]
  6555 | D:8      | Splashed by a brown ugly thing's acid

Skill      XL: |  1  2  3  4  5  6  7  8  9 |
---------------+----------------------------+-----
Maces & Flails | 4 5 6 7 9 11 | 11.0
Fighting       | 3 4 5 6 7 8 |  8.8
Throwing       | |  1.7
Dodging        | |  2.4

Action                   |  1- 3 |  4- 6 |  7- 9 || total
-------------------------+-------+-------+-------++-------
Melee: Flail             |    85 |   175 |   350 ||   610
Throw: Tomahawk          |       |     5 |       ||     5
       Throwing net      |       |       |     2 ||     2
Invok: Berserk           |       |       |     1 ||     1
  Eat: Chunk             |     1 |     6 |    12 ||    19
Armor: Leather armour    |    53 |    96 |   163 ||   312
Dodge: Dodged            |    56 |   129 |   235 ||   420
